[Event "Pan-American Team-ch 2024"]
[Site "McAllen"]
[Date "2024.01.05"]
[Round "1.1"]
[White "Gledura, Benjamin"]
[Black "Rodriguez Garcia, Victor"]
[Result "1-0"]
[ECO "B07"]
[WhiteElo "2633"]
[BlackElo "2339"]
[Annotator "RC"]
[PlyCount "68"]
[EventDate "2024.01.05"]
[EventType "team-tourn"]
[EventCountry "USA"]
[SourceTitle "playchess.com"]
[Source "ChessBase"]
[SourceQuality "1"]
[TimeControl "5400+30"]

1. d4 d6 2. Nf3 Nf6 3. Nbd2 g6 4. e4 Bg7 5. Bb5+ c6 6. Bd3 O-O 7. O-O Qc7 8. Re1 e5 9. c3 Nbd7 10. h3 Re8 11. a4 b6 12. Qc2 Bb7 13. a5 Nf8 14. b4 Nh5 15. Bf1 Ne6 16. Nb3 Nf6 17. a6 Bc8 18. Bb2 h6 19. c4 Nh7 20. Qd2 Nhg5 21. Nxg5 hxg5 22. d5 Nf4 23. dxc6 Qxc6 24. b5 Qc7 25. Ba3 Bf8 26. Red1 Rd8 27. c5 bxc5 28. Nxc5 Be7 29. Nd3 Be6 30. Nb4 d5 31. Nc6 Bxa3 32. Nxd8 Rxd8 33. Rxa3 d4 34. Rc1 Qe7 1-0

[Event "Pan-American Team-ch 2024"]
[Site "McAllen"]
[Date "2024.01.05"]
[Round "1.2"]
[White "Beukes, Dante Matthew"]
[Black "Hakobyan, Aram"]
[Result "0-1"]
[ECO "B53"]
[WhiteElo "2280"]
[BlackElo "2616"]
[Annotator "ChessBase"]
[PlyCount "88"]
[EventDate "2024.01.05"]
[EventType "team-tourn"]
[EventCountry "USA"]
[SourceTitle "playchess.com"]
[Source "ChessBase"]
[SourceQuality "1"]
[TimeControl "5400+30"]

1. e4 c5 2. Nf3 d6 3. Nc3 Nf6 4. d4 cxd4 5. Qxd4 Nc6 6. Qd3 h6 7. Be2 e5 8. Nd2 Nd4 9. Bd1 Be7 10. Nf1 Ne6 11. Bf3 O-O 12. Ne3 Nc5 13. Qd1 Be6 14. O-O Rc8 15. Ned5 Nxd5 16. Nxd5 Bg5 17. Ne3 b5 18. Re1 b4 19. g3 Qd7 20. h4 Bxe3 21. Rxe3 f5 22. exf5 Bxf5 23. a3 b3 24. Bd5+ Kh8 25. cxb3 Ne6 26. Bd2 Nd4 27. Rc1 Rxc1 28. Bxc1 Qb5 29. Bg2 Bc2 30. Qf1 Qxf1+ 31. Kxf1 Bxb3 32. Rc3 d5 33. Be3 Bc4+ 34. Ke1 Rb8 35. b4 Nb5 36. Rc1 Nxa3 37. Bc5 Nb5 38. Rd1 e4 39. Kd2 Bd3 40. f3 Na3 41. fxe4 dxe4 42. Ra1 Nb5 43. Ke3 Nc3 44. Rxa7 Rd8 0-1

[Event "Pan-American Team-ch 2024"]
[Site "McAllen"]
[Date "2024.01.05"]
[Round "1.3"]
[White "Quesada Perez, Yasser"]
[Black "Reza, Maverick"]
[Result "1-0"]
[ECO "B43"]
[WhiteElo "2578"]
[BlackElo "1873"]
[Annotator "ChessBase"]
[PlyCount "62"]
[EventDate "2024.01.05"]
[EventType "team-tourn"]
[EventCountry "USA"]
[SourceTitle "playchess.com"]
[Source "ChessBase"]
[SourceQuality "1"]
[TimeControl "5400+30"]

1. e4 c5 2. Nf3 e6 3. d4 cxd4 4. Nxd4 a6 5. Be2 Nf6 6. Nc3 Qc7 7. O-O Bb4 8. Qd3 Nc6 9. Nxc6 bxc6 10. f4 d5 11. e5 Nd7 12. Qg3 g6 13. Kh1 Bb7 14. Na4 Rb8 15. Be3 Be7 16. c4 Qa5 17. b3 dxc4 18. Bxc4 c5 19. f5 gxf5 20. Qg7 Rf8 21. Bh6 Qc7 22. Rae1 Bh4 23. Re2 Ke7 24. Bxe6 Kxe6 25. Qxh7 Be4 26. Bxf8 Qxe5 27. Qxh4 Rxf8 28. Qh6+ f6 29. Nb2 Qd5 30. Rd1 Qa8 31. Nc4 Rg8 1-0

[Event "Pan-American Team-ch 2024"]
[Site "McAllen"]
[Date "2024.01.05"]
[Round "1.4"]
[White "McNutt, William Howard"]
[Black "Harsha Bharathakoti"]
[Result "0-1"]
[ECO "D02"]
[WhiteElo "1908"]
[BlackElo "2565"]
[Annotator "ChessBase"]
[PlyCount "68"]
[EventDate "2024.01.05"]
[EventType "team-tourn"]
[EventCountry "USA"]
[SourceTitle "playchess.com"]
[Source "ChessBase"]
[SourceQuality "1"]
[TimeControl "5400+30"]

1. d4 Nf6 2. Nf3 d5 3. Bf4 c5 4. c3 Nc6 5. e3 Qb6 6. Qb3 c4 7. Qxb6 axb6 8. Nbd2 b5 9. a3 b4 10. cxb4 Nxb4 11. Rc1 Nc6 12. Ne5 Nh5 13. Nxc6 bxc6 14. Be5 f6 15. Be2 fxe5 16. Bxh5+ g6 17. Bf3 Rb8 18. dxe5 Rxb2 19. Nxc4 dxc4 20. Bxc6+ Bd7 21. Bxd7+ Kxd7 22. O-O Bg7 23. Rfd1+ Ke6 24. f4 Rc8 25. Rc3 Rb3 26. Rdc1 Rxc3 27. Rxc3 Kd5 28. a4 e6 29. Kf2 Bf8 30. Ke2 Bb4 31. Rc1 c3 32. Kd3 Ra8 33. Ra1 Kc5 34. Kc2 Kc4 0-1

[Event "Pan-American Team-ch 2024"]
[Site "McAllen"]
[Date "2024.01.05"]
[Round "1.5"]
[White "Yan, Benjamin"]
[Black "Bok, Benjamin"]
[Result "0-1"]
[ECO "E15"]
[WhiteElo "2025"]
[BlackElo "2621"]
[Annotator "ChessBase"]
[PlyCount "74"]
[EventDate "2024.01.05"]
[EventType "team-tourn"]
[EventCountry "USA"]
[SourceTitle "playchess.com"]
[Source "ChessBase"]
[SourceQuality "1"]
[TimeControl "5400+30"]

1. d4 Nf6 2. c4 e6 3. Nf3 b6 4. g3 Ba6 5. b3 Bb4+ 6. Bd2 Be7 7. Bg2 d5 8. Nc3 O-O 9. cxd5 exd5 10. Ne5 Bb7 11. O-O Re8 12. Qc2 Nbd7 13. Rfd1 c5 14. Be3 Rc8 15. Bh3 Nf8 16. Bxc8 Qxc8 17. Kg2 Ne6 18. Nf3 Ng4 19. Qd3 Nxe3+ 20. fxe3 c4 21. Qd2 Ng5 22. Rf1 Qh3+ 23. Kg1 h5 24. Qe1 Qe6 25. Qc1 Bf6 26. Qd2 a6 27. Nxg5 Bxg5 28. Nd1 h4 29. Rf3 Bc8 30. Rc1 b5 31. Kf2 hxg3+ 32. hxg3 Qh6 33. Kg1 Bg4 34. Rf4 Bxf4 35. gxf4 Re6 36. Nf2 Rg6 37. Kf1 Bh3+ 0-1

[Event "Pan-American Team-ch 2024"]
[Site "McAllen"]
[Date "2024.01.05"]
[Round "1.6"]
[White "Theodorou, Nikolas"]
[Black "Triplett, Luke"]
[Result "1/2-1/2"]
[ECO "E07"]
[WhiteElo "2627"]
[BlackElo "1839"]
[Annotator "ChessBase"]
[PlyCount "115"]
[EventDate "2024.01.05"]
[EventType "team-tourn"]
[EventCountry "USA"]
[SourceTitle "playchess.com"]
[Source "ChessBase"]
[SourceQuality "1"]
[TimeControl "5400+30"]

1. d4 Nf6 2. Nf3 d5 3. c4 e6 4. g3 Be7 5. Bg2 O-O 6. Nc3 c6 7. O-O Nbd7 8. b3 b6 9. Qd3 Bb7 10. e4 dxe4 11. Nxe4 c5 12. Nxf6+ Bxf6 13. Ng5 Bxg5 14. Bxb7 Rb8 15. Bxg5 Qxg5 16. Bg2 Rfd8 17. Rad1 cxd4 18. Qxd4 Nc5 19. Qc3 Rxd1 20. Rxd1 Rd8 21. Rxd8+ Qxd8 22. b4 Nd7 23. c5 bxc5 24. bxc5 Qc7 25. c6 Nf6 26. Qc5 Ne8 27. a4 h6 28. Qd4 Kf8 29. Bf3 Qa5 30. Kg2 Qc7 31. h4 Qa5 32. Qd1 Qc7 33. Qd2 Qd6 34. Qa5 Qc7 35. Qc5+ Qe7 36. Qc3 Qc7 37. Kg1 Qe7 38. Be2 Qd6 39. Bf1 Qd8 40. Qc5+ Qe7 41. Qd4 Qc7 42. Qd7 Qa5 43. Bb5 Qc7 44. Kg2 Qb8 45. Be2 Qc7 46. Bh5 g6 47. Be2 h5 48. Bb5 Qb8 49. Kf1 Qc7 50. Qd4 Ke7 51. Qc5+ Nd6 52. Bd3 Qb6 53. Qc3 a5 54. Ke2 Kd8 55. Qe5 Qb4 56. f3 Kc7 57. Bb5 Kb6 58. Qe3+ 1/2-1/2

[Event "Pan-American Team-ch 2024"]
[Site "McAllen"]
[Date "2024.01.05"]
[Round "1.7"]
[White "Li, Gordon S Arai"]
[Black "Kevlishvili, Robby"]
[Result "0-1"]
[ECO "B90"]
[WhiteElo "2037"]
[BlackElo "2531"]
[Annotator "ChessBase"]
[PlyCount "68"]
[EventDate "2024.01.05"]
[EventType "team-tourn"]
[EventCountry "USA"]
[SourceTitle "playchess.com"]
[Source "ChessBase"]
[SourceQuality "1"]
[TimeControl "5400+30"]

1. e4 c5 2. Nf3 d6 3. d4 cxd4 4. Nxd4 Nf6 5. Nc3 a6 6. Be3 e5 7. Nb3 Be6 8. f3 h5 9. Nd5 Bxd5 10. exd5 Nbd7 11. Qd2 g6 12. Na5 Qc7 13. Be2 Bg7 14. c4 e4 15. f4 Ng4 16. Bxg4 hxg4 17. Rc1 Nc5 18. Bxc5 dxc5 19. g3 O-O 20. Nb3 e3 21. Qe2 a5 22. Rc2 a4 23. Nc1 Qd7 24. O-O Bd4 25. Kh1 b5 26. b3 axb3 27. axb3 bxc4 28. bxc4 Ra3 29. f5 gxf5 30. Nd3 Rfa8 31. Nf4 Ra1 32. Rxa1 Rxa1+ 33. Kg2 Qe8 34. Qd3 Rg1+ 0-1

[Event "Pan-American Team-ch 2024"]
[Site "McAllen"]
[Date "2024.01.05"]
[Round "1.8"]
[White "Batsuren, Dambasuren"]
[Black "Xu, Leo"]
[Result "1-0"]
[ECO "D10"]
[WhiteElo "2528"]
[BlackElo "1565"]
[Annotator "ChessBase"]
[PlyCount "77"]
[EventDate "2024.01.05"]
[EventType "team-tourn"]
[EventCountry "USA"]
[SourceTitle "playchess.com"]
[Source "ChessBase"]
[SourceQuality "1"]
[TimeControl "5400+30"]

1. d4 d5 2. c4 c6 3. Nc3 Nf6 4. e3 Bf5 5. cxd5 Nxd5 6. Nge2 Nf6 7. f3 e6 8. e4 Bg6 9. Be3 Bb4 10. a3 Ba5 11. Nf4 O-O 12. h4 h6 13. Nxg6 fxg6 14. Bc4 Qe7 15. Qb3 Re8 16. Qc2 Nd5 17. Bf2 b5 18. Bb3 Nb6 19. O-O N8d7 20. Ne2 Rac8 21. Nf4 Qf6 22. Bxe6+ Kh8 23. g3 g5 24. e5 Qxe6 25. Nxe6 Rxe6 26. b4 Nc4 27. bxa5 Nxa5 28. Qf5 Re7 29. hxg5 Rf8 30. Qh3 Rxf3 31. gxh6 gxh6 32. Be3 Rxf1+ 33. Rxf1 Nc4 34. Bxh6 Rh7 35. e6 Ne3 36. exd7 Rxd7 37. Qxd7 Nf5 38. Rxf5 a5 39. Qg7# 1-0

[Event "Pan-American Team-ch 2024"]
[Site "McAllen"]
[Date "2024.01.05"]
[Round "1.9"]
[White "Oparin, Grigoriy"]
[Black "Altman, Joshua"]
[Result "1-0"]
[ECO "E16"]
[WhiteElo "2664"]
[BlackElo "2163"]
[Annotator "RC"]
[PlyCount "77"]
[EventDate "2024.01.05"]
[EventType "team-tourn"]
[EventCountry "USA"]
[SourceTitle "playchess.com"]
[Source "ChessBase"]
[SourceQuality "1"]
[TimeControl "5400+30"]

1. d4 Nf6 2. c4 e6 3. Nf3 b6 4. g3 Bb7 5. Bg2 Bb4+ 6. Bd2 Bxd2+ 7. Qxd2 O-O 8. O-O d6 9. Rd1 Nbd7 10. Qd3 Qe7 11. Nc3 d5 12. cxd5 exd5 13. e3 Rfd8 14. Rac1 a6 15. Qe2 Rac8 16. Ne1 Nf8 17. Nd3 Ne6 18. b4 Ne4 19. Qb2 N6g5 20. a4 Nxc3 21. Rxc3 Ne4 22. Rc2 Nd6 23. b5 axb5 24. axb5 Qd7 25. Rb1 Qf5 26. Nf4 g5 27. Bh3 g4 28. Bg2 Ne4 29. Rbc1 Rd7 30. h3 h5 31. h4 Nd6 32. Qb4 Ne8 33. Ra2 Ng7 34. Ra7 Rb8 35. Qa3 Rdd8 36. Rxc7 Bc8 37. Nxd5 Rxd5 38. Rxf7 Qb1+ 39. Kh2 1-0

[Event "Pan-American Team-ch 2024"]
[Site "McAllen"]
[Date "2024.01.05"]
[Round "1.10"]
[White "Keuchel, Destynn Ayrom"]
[Black "Antipov, Mikhail Al."]
[Result "0-1"]
[ECO "B22"]
[WhiteElo "2138"]
[BlackElo "2604"]
[Annotator "ChessBase"]
[PlyCount "64"]
[EventDate "2024.01.05"]
[EventType "team-tourn"]
[EventCountry "USA"]
[SourceTitle "playchess.com"]
[Source "ChessBase"]
[SourceQuality "1"]
[TimeControl "5400+30"]

1. e4 c5 2. c3 Nf6 3. e5 Nd5 4. Nf3 Nc6 5. Bc4 Nb6 6. Bb3 d5 7. exd6 c4 8. Bc2 Qxd6 9. d4 cxd3 10. Qxd3 Qxd3 11. Bxd3 g6 12. Na3 Bg7 13. Nc4 Na4 14. O-O Bf5 15. Bxf5 gxf5 16. Re1 O-O 17. Nfe5 Nxe5 18. Nxe5 Rfd8 19. f4 Rac8 20. Kf2 e6 21. Rb1 Nc5 22. Kf3 f6 23. Nc4 Nd3 24. Rxe6 Rxc4 25. Re7 Re4 26. Rxb7 Ne1+ 27. Kf2 Rd1 28. Rxa7 Nd3+ 29. Kf3 Nxc1 30. g4 Rd3+ 31. Kf2 Re2+ 32. Kf1 Rd1# 0-1

[Event "Pan-American Team-ch 2024"]
[Site "McAllen"]
[Date "2024.01.05"]
[Round "1.11"]
[White "Raja Harshit"]
[Black "Padmanabhan, Karthik Sai"]
[Result "1-0"]
[ECO "E11"]
[WhiteElo "2508"]
[BlackElo "2107"]
[Annotator "ChessBase"]
[PlyCount "63"]
[EventDate "2024.01.05"]
[EventType "team-tourn"]
[EventCountry "USA"]
[SourceTitle "playchess.com"]
[Source "ChessBase"]
[SourceQuality "1"]
[TimeControl "5400+30"]

1. d4 Nf6 2. c4 e6 3. Nf3 Bb4+ 4. Bd2 Qe7 5. e3 Bxd2+ 6. Qxd2 d6 7. Nc3 e5 8. h3 Nc6 9. O-O-O Bd7 10. g4 h6 11. Nd5 Nxd5 12. cxd5 Nd8 13. dxe5 dxe5 14. Qc3 O-O 15. Nxe5 Re8 16. f4 f6 17. Bc4 Qd6 18. Nxd7 Qxd7 19. g5 fxg5 20. d6+ Kh8 21. fxg5 Nf7 22. Bxf7 Qxf7 23. d7 Red8 24. Rhf1 Qe7 25. gxh6 Rxd7 26. hxg7+ Kg8 27. Qc4+ Kh7 28. Rxd7 Qxd7 29. Qh4+ Kxg7 30. Rg1+ Kf7 31. Qh7+ Ke6 32. Rg6+ 1-0

[Event "Pan-American Team-ch 2024"]
[Site "McAllen"]
[Date "2024.01.05"]
[Round "1.12"]
[White "Shinn, Jungmin"]
[Black "Budisavljevic, Luka"]
[Result "0-1"]
[ECO "D00"]
[WhiteElo "1940"]
[BlackElo "2475"]
[Annotator "ChessBase"]
[PlyCount "70"]
[EventDate "2024.01.05"]
[EventType "team-tourn"]
[EventCountry "USA"]
[SourceTitle "playchess.com"]
[Source "ChessBase"]
[SourceQuality "1"]
[TimeControl "5400+30"]

1. d4 Nf6 2. Nc3 d5 3. Bf4 e6 4. Nb5 Na6 5. e3 c6 6. Nc3 Nc7 7. Bd3 Bd6 8. Bg3 c5 9. dxc5 Bxc5 10. Nf3 O-O 11. O-O b6 12. Qe2 Bb7 13. Rad1 Bb4 14. Nb1 Qe7 15. c3 Bd6 16. Ne5 g6 17. Ng4 Nxg4 18. Qxg4 f5 19. Qa4 e5 20. f4 exf4 21. exf4 Ne6 22. Rde1 Qf7 23. b4 a5 24. Qb3 Rfe8 25. Bb5 Re7 26. a3 Rc8 27. Rd1 Rec7 28. Bf2 axb4 29. axb4 Nxf4 30. Bxb6 Nxg2 31. Bxc7 Bxc7 32. c4 dxc4 33. Qc3 Bb6+ 34. Rf2 Nf4 35. Kf1 Nd5 0-1

[Event "Pan-American Team-ch 2024"]
[Site "McAllen"]
[Date "2024.01.05"]
[Round "2.1"]
[White "Li, Ruifeng"]
[Black "Gledura, Benjamin"]
[Result "1/2-1/2"]
[ECO "A01"]
[WhiteElo "2541"]
[BlackElo "2633"]
[Annotator "RC"]
[PlyCount "44"]
[EventDate "2024.01.05"]
[EventType "team-tourn"]
[EventCountry "USA"]
[SourceTitle "playchess.com"]
[Source "ChessBase"]
[SourceQuality "1"]
[TimeControl "5400+30"]

1. b3 d5 2. Bb2 c6 3. e3 Nf6 4. Ne2 Qc7 5. c4 e5 6. cxd5 cxd5 7. Nbc3 Nc6 8. d4 e4 9. Nf4 Qd8 10. Be2 Bb4 11. a3 Ba5 12. b4 Bc7 13. Rc1 a6 14. f3 O-O 15. fxe4 Bxf4 16. exf4 dxe4 17. d5 Ne7 18. O-O Nf5 19. Rf2 Ne3 20. Qd4 Nf5 21. Qd1 Ne3 22. Qd4 Nf5 1/2-1/2

[Event "Pan-American Team-ch 2024"]
[Site "McAllen"]
[Date "2024.01.05"]
[Round "2.2"]
[White "Hakobyan, Aram"]
[Black "Wang, Justin"]
[Result "1-0"]
[ECO "D87"]
[WhiteElo "2616"]
[BlackElo "2503"]
[Annotator "RC"]
[PlyCount "73"]
[EventDate "2024.01.05"]
[EventType "team-tourn"]
[EventCountry "USA"]
[SourceTitle "playchess.com"]
[Source "ChessBase"]
[SourceQuality "1"]
[TimeControl "5400+30"]

1. d4 Nf6 2. c4 g6 3. Nc3 d5 4. cxd5 Nxd5 5. e4 Nxc3 6. bxc3 Bg7 7. Bc4 O-O 8. Ne2 c5 9. d5 Nd7 10. O-O Ne5 11. Bb3 e6 12. Bf4 c4 13. Bxe5 Bxe5 14. Bxc4 Qc7 15. Qd3 Bxh2+ 16. Kh1 exd5 17. Bxd5 Bf4 18. c4 Bh6 19. f4 Bg4 20. e5 Kh8 21. Nd4 f6 22. Qe4 Rae8 23. e6 f5 24. Qe3 b6 25. Rae1 Rf6 26. Bc6 Re7 27. Bd7 Bg7 28. Qe5 Qxe5 29. fxe5 Rf8 30. Nc6 Rfe8 31. Bxe8 Rxe8 32. e7 Kg8 33. Rf4 Kf7 34. Rd4 Rxe7 35. e6+ Kf8 36. Nxe7 Bxd4 37. Nd5 1-0

[Event "Pan-American Team-ch 2024"]
[Site "McAllen"]
[Date "2024.01.05"]
[Round "2.3"]
[White "Metpally, Jason"]
[Black "Quesada Perez, Yasser"]
[Result "0-1"]
[ECO "E20"]
[WhiteElo "2204"]
[BlackElo "2578"]
[Annotator "RC"]
[PlyCount "66"]
[EventDate "2024.01.05"]
[EventType "team-tourn"]
[EventCountry "USA"]
[SourceTitle "playchess.com"]
[Source "ChessBase"]
[SourceQuality "1"]
[TimeControl "5400+30"]

1. d4 d5 2. c4 e6 3. Nf3 Nf6 4. g3 dxc4 5. Bg2 Bb4+ 6. Nc3 O-O 7. O-O Nbd7 8. Nd2 Nb6 9. a3 Be7 10. e3 c5 11. dxc5 Bxc5 12. Qe2 Qd3 13. Qxd3 cxd3 14. Nb3 Be7 15. Rd1 Rd8 16. Na5 Rb8 17. Nb5 e5 18. Nxa7 Bg4 19. f3 Bd7 20. Rxd3 Be8 21. Rxd8 Rxd8 22. e4 Bc5+ 23. Kf1 Ra8 24. Nxb7 Bd4 25. Nd6 Rxa7 26. Nxe8 Nxe8 27. Ke1 Na4 28. Ra2 Rc7 29. Kd1 Nd6 30. Bf1 Nc4 31. Bxc4 Rxc4 32. Kd2 Nc5 33. Kd1 Nd3 0-1

[Event "Pan-American Team-ch 2024"]
[Site "McAllen"]
[Date "2024.01.05"]
[Round "2.4"]
[White "Harsha Bharathakoti"]
[Black "Fan, William"]
[Result "1-0"]
[ECO "A17"]
[WhiteElo "2565"]
[BlackElo "1795"]
[Annotator "RC"]
[PlyCount "41"]
[EventDate "2024.01.05"]
[EventType "team-tourn"]
[EventCountry "USA"]
[SourceTitle "playchess.com"]
[Source "ChessBase"]
[SourceQuality "1"]
[TimeControl "5400+30"]

1. Nf3 Nf6 2. c4 e6 3. g3 b6 4. Bg2 Bb7 5. O-O Be7 6. Nc3 O-O 7. Re1 d5 8. cxd5 Nxd5 9. e4 Nb4 10. d4 c5 11. d5 exd5 12. exd5 Bf6 13. a3 Bxc3 14. bxc3 N4a6 15. c4 h6 16. Bb2 Nd7 17. Nh4 Nc7 18. d6 Bxg2 19. dxc7 Qxc7 20. Qg4 g6 21. Nxg6 1-0

[Event "Pan-American Team-ch 2024"]
[Site "McAllen"]
[Date "2024.01.08"]
[Round "2.5"]
[White "Bok, Benjamin"]
[Black "Nakada, Akira Wood"]
[Result "1-0"]
[ECO "A13"]
[WhiteElo "2621"]
[BlackElo "2444"]
[Annotator "TA"]
[PlyCount "35"]
[EventDate "2024.01.05"]
[EventType "team-tourn"]
[EventCountry "USA"]
[TimeControl "5400+30"]

1. c4 e6 2. g3 Nf6 3. Bg2 d5 4. Nf3 dxc4 5. Qa4+ Bd7 6. Qxc4 {A13: English Opening: 1...e6.} c5 7. d4 b5 8. Qc2 {The position is equal.} Na6 9. dxc5 $5 {[%mdl 4] Leaves trodden paths.} Rc8 (9... Bxc5 {seems wilder.} 10. Ne5 Rc8 11. Qd1 Nb8) 10. O-O Bxc5 11. Qb3 Qb6 {[%cal Oc5f2] [#]} 12. Nc3 $146 ({Predecessor:} 12. Na3 Bc6 13. Ne5 Bxg2 14. Kxg2 Nc7 15. Nd3 Be7 16. Be3 Qb7+ 17. Kg1 O-O 18. Rac1 {½-½ Pitantanakij,O (1564)-Jeeradit,M (1278) THA-ch 46th Bangkok 2023 (3)}) 12... Bc6 13. Ne5 {Dodges Ng4} Bxg2 14. Kxg2 Bd4 15. Nf3 {[#] aiming for Nxd4.} Bxc3 16. Be3 Qa5 {Threatens to win with ...Bb4.} 17. bxc3 {a4 is the strong threat.} Nd5 {[%emt 1:26:01] Strongly threatening ...Nxe3+.} 18. Bxa7 {[%emt 1:30:43] Weighted Error Value: White=0.02 (flawless) /Black=0.02 (flawless)} 1-0

[Event "Pan-American Team-ch 2024"]
[Site "McAllen"]
[Date "2024.01.05"]
[Round "2.6"]
[White "Yu, Jennifer"]
[Black "Theodorou, Nikolas"]
[Result "0-1"]
[ECO "E90"]
[WhiteElo "2283"]
[BlackElo "2627"]
[Annotator "RC"]
[PlyCount "72"]
[EventDate "2024.01.05"]
[EventType "team-tourn"]
[EventCountry "USA"]
[SourceTitle "playchess.com"]
[Source "ChessBase"]
[SourceQuality "1"]
[TimeControl "5400+30"]

1. d4 Nf6 2. c4 g6 3. Nc3 Bg7 4. e4 d6 5. h3 O-O 6. Be3 Nc6 7. Nf3 e5 8. d5 Nd4 9. Nxd4 exd4 10. Qxd4 Ng4 11. Qd2 Nxe3 12. Qxe3 f5 13. Bd3 f4 14. Qf3 Qh4 15. Bc2 Be5 16. O-O-O a6 17. Kb1 Bd7 18. Rd2 Qf6 19. Bb3 Kh8 20. Ne2 a5 21. Bd1 a4 22. a3 b5 23. cxb5 Bxb5 24. Nc1 Rfb8 25. Be2 Bxb2 26. Rxb2 Qxb2+ 27. Kxb2 Bxe2+ 28. Kc2 Bxf3 29. gxf3 c6 30. Rd1 Ra5 31. Nd3 cxd5 32. Nxf4 Rc5+ 33. Kd2 Rb2+ 34. Ke1 dxe4 35. fxe4 Rc4 36. f3 Rh2 0-1

[Event "Pan-American Team-ch 2024"]
[Site "McAllen"]
[Date "2024.01.05"]
[Round "2.7"]
[White "Kevlishvili, Robby"]
[Black "Shen, Christopher"]
[Result "1-0"]
[ECO "C13"]
[WhiteElo "2531"]
[BlackElo "2331"]
[Annotator "RC"]
[PlyCount "131"]
[EventDate "2024.01.05"]
[EventType "team-tourn"]
[EventCountry "USA"]
[SourceTitle "playchess.com"]
[Source "ChessBase"]
[SourceQuality "1"]
[TimeControl "5400+30"]

1. e4 e6 2. d4 d5 3. Nc3 Nf6 4. Bg5 dxe4 5. Nxe4 Be7 6. Nxf6+ Bxf6 7. Bxf6 Qxf6 8. Nf3 c5 9. Bb5+ Bd7 10. Qe2 a6 11. Bxd7+ Nxd7 12. O-O-O O-O 13. Qe4 Rab8 14. h4 cxd4 15. Rxd4 Nc5 16. Qe3 Rbc8 17. Rhd1 b5 18. Ne5 Qe7 19. h5 h6 20. Rd6 Qb7 21. f3 a5 22. R1d4 f6 23. Nd7 e5 24. R4d5 Nxd7 25. Rxd7 Qc6 26. Qd3 Rc7 27. Rxc7 Qxc7 28. Rxb5 Qa7 29. Qd5+ Kh8 30. Qc5 Qf7 31. Rb7 Qxb7 32. Qxf8+ Kh7 33. Qc5 Qf7 34. Qxa5 Qxh5 35. Qe1 Qh2 36. Qe2 Qg1+ 37. Kd2 f5 38. a4 Qd4+ 39. Qd3 Qxb2 40. Qxf5+ Kh8 41. Qc8+ Kh7 42. Qc3 Qb8 43. a5 e4 44. fxe4 Qf4+ 45. Qe3 Qd6+ 46. Qd3 Qf4+ 47. Ke2 Qg5 48. e5+ Kh8 49. Qe4 Qh5+ 50. Kd2 Qg5+ 51. Kc3 Qe7 52. Qa8+ Kh7 53. Qd5 Qa3+ 54. Kd2 Qb4+ 55. Ke2 Qa4 56. Qd3+ Kh8 57. a6 Qg4+ 58. Ke1 Qb4+ 59. c3 Qh4+ 60. g3 Qh1+ 61. Kf2 Qh2+ 62. Kf3 Qh1+ 63. Kg4 Qc6 64. a7 Qe6+ 65. Qf5 h5+ 66. Kf4 1-0

[Event "Pan-American Team-ch 2024"]
[Site "McAllen"]
[Date "2024.01.05"]
[Round "2.8"]
[White "Wang, Wesley"]
[Black "Batsuren, Dambasuren"]
[Result "1/2-1/2"]
[ECO "B12"]
[WhiteElo "2341"]
[BlackElo "2528"]
[Annotator "RC"]
[PlyCount "116"]
[EventDate "2024.01.05"]
[EventType "team-tourn"]
[EventCountry "USA"]
[SourceTitle "playchess.com"]
[Source "ChessBase"]
[SourceQuality "1"]
[TimeControl "5400+30"]

1. e4 c6 2. d4 d5 3. e5 c5 4. dxc5 e6 5. a3 Bxc5 6. Nf3 Nd7 7. b4 Be7 8. Bb2 f6 9. c4 Nxe5 10. Nxe5 fxe5 11. Bxe5 Nf6 12. Nd2 O-O 13. Bd3 a5 14. b5 Bd7 15. O-O Be8 16. h3 Rc8 17. Qe2 Nd7 18. Bd4 Bf6 19. Nf3 Nc5 20. Bxc5 Rxc5 21. Rad1 Qc8 22. cxd5 exd5 23. Ne5 g6 24. f4 Bg7 25. a4 Rc3 26. Kh1 Qc5 27. Qg4 Qe7 28. Qf3 Qe6 29. Bf5 Qxe5 30. fxe5 Rxf3 31. Rxf3 Rxf5 32. Rxf5 gxf5 33. Rxd5 Kf8 34. Rd6 Ke7 35. Rb6 Bxe5 36. Rxb7+ Bd7 37. Ra7 Bc3 38. b6 Bd4 39. Ra6 Bc8 40. Ra8 Kd7 41. Rxa5 Kc6 42. Ra8 Bb7 43. Rf8 Kxb6 44. Rxf5 h6 45. Kh2 Bc6 46. a5+ Ka6 47. g4 Bb5 48. Kg3 Kxa5 49. Kh4 Kb6 50. Kh5 Be3 51. Re5 Bf4 52. Re4 Bd2 53. Re6+ Kc7 54. Rxh6 Be8+ 55. Rg6 Kd7 56. g5 Ke7 57. Kh6 Bxg6 58. Kxg6 Bxg5 1/2-1/2

[Event "Pan-American Team-ch 2024"]
[Site "McAllen"]
[Date "2024.01.05"]
[Round "2.9"]
[White "Marek, Matyas"]
[Black "Oparin, Grigoriy"]
[Result "0-1"]
[ECO "B30"]
[WhiteElo "2340"]
[BlackElo "2664"]
[Annotator "RC"]
[PlyCount "80"]
[EventDate "2024.01.05"]
[EventType "team-tourn"]
[EventCountry "USA"]
[SourceTitle "playchess.com"]
[Source "ChessBase"]
[SourceQuality "1"]
[TimeControl "5400+30"]

1. e4 c5 2. Nf3 Nc6 3. Bb5 e5 4. O-O Bd6 5. c3 a6 6. Ba4 b5 7. Bb3 c4 8. Bc2 Nf6 9. d3 cxd3 10. Bxd3 O-O 11. a4 b4 12. Bg5 h6 13. Bh4 g5 14. Bg3 Qe7 15. Re1 Bc5 16. Nbd2 bxc3 17. bxc3 d6 18. Nc4 Be6 19. Ne3 Bxe3 20. Rxe3 Na5 21. Nd2 Nd7 22. Bf1 Nc5 23. Rb1 Rfb8 24. Rb4 Rb7 25. Qh5 Kg7 26. Re1 Rab8 27. Reb1 Nab3 28. Nxb3 Bxb3 29. a5 Rxb4 30. cxb4 Rxb4 31. f3 f5 32. Rc1 Bf7 33. Qh3 fxe4 34. fxe4 Nxe4 35. Qc8 Qa7+ 36. Kh1 Qe3 37. Be1 Rc4 38. Rxc4 Qxe1 39. Rc1 Nf2+ 40. Kg1 Qe3 0-1

[Event "Pan-American Team-ch 2024"]
[Site "McAllen"]
[Date "2024.01.05"]
[Round "2.10"]
[White "Raja Harshit"]
[Black "Dhanush Bharadwaj"]
[Result "1-0"]
[ECO "B12"]
[WhiteElo "2508"]
[BlackElo "2214"]
[Annotator "RC"]
[PlyCount "119"]
[EventDate "2024.01.05"]
[EventType "team-tourn"]
[EventCountry "USA"]
[SourceTitle "playchess.com"]
[Source "ChessBase"]
[SourceQuality "1"]
[TimeControl "5400+30"]

1. e4 c6 2. d4 d5 3. e5 Bf5 4. h4 h5 5. Bd3 Bxd3 6. Qxd3 e6 7. Bg5 Qb6 8. Nd2 Nh6 9. Ngf3 Nf5 10. c4 Bb4 11. b3 a5 12. O-O Bxd2 13. Bxd2 O-O 14. Rfc1 a4 15. Rab1 axb3 16. cxd5 b2 17. dxe6 fxe6 18. Rd1 Rd8 19. Bc3 Qa6 20. Qd2 Qxa2 21. Qg5 Qd5 22. Qxh5 Ra3 23. Bxb2 Rxf3 24. Qxf3 Qxf3 25. gxf3 Nxh4 26. Rd3 Na6 27. Ba3 Rd7 28. Bd6 Nf5 29. Rdb3 Nxd6 30. exd6 Rxd6 31. Rxb7 Rxd4 32. R7b6 Nc7 33. Rxc6 Nd5 34. Rxe6 Rf4 35. Rb3 Nf6 36. Re7 Rf5 37. Kf1 Kh7 38. Reb7 Kh6 39. R7b4 Rc5 40. f4 Rc8 41. Kg2 Rf8 42. Rb8 Rxb8 43. Rxb8 Kg6 44. Kf3 Kh6 45. Rb1 Kg6 46. Rg1+ Kf7 47. f5 Nd5 48. Rd1 Nf6 49. Kf4 Nh5+ 50. Ke5 Nf6 51. f3 Ke7 52. Rd6 Nh5 53. Ra6 Kf7 54. Rg6 Kf8 55. f6 gxf6+ 56. Rxf6+ Ke7 57. Rh6 Ng3 58. Rh7+ Kf8 59. f4 Kg8 60. Rh3 1-0